SAAA
JERSEY CITY SUN CAPS @ VIOLA SPEARHEADS
05/21/2018
 
TOP OF THE 1ST
Jersey City Sun Caps batting - Pitching for Viola Spearheads : RHP Jim Unknown
Pitching: RHP Jim Unknown
Batting: RHB Jim Unknown 0-0: Called Strike
0-1: SOLO HOME RUN (Line Drive, 7D), Distance : 428 ft
Batting: LHB Jim Unknown 0-0: Bunt for hit - play at first, batter OUT! 1-4
Batting: RHB Mal Phillips 0-0: Fly out, F3 (Popup, 13)
Batting: LHB John Robertson 0-0: Swinging Strike
0-1: Ground out U3 (Groundball, 3L)
Top of the 1st over - 1 run(s), 1 hit(s), 0 error(s), 0 left on base; Jersey City 1 - Viola 0
BOTTOM OF THE 1ST
Viola Spearheads batting - Pitching for Jersey City Sun Caps : RHP Jim Unknown
Pitching: RHP Jim Unknown
Batting: RHB Jim Unknown 0-0: Ball
1-0: Ball
2-0: Called Strike
2-1: Called Strike
2-2: Ground out 5-3 (Groundball, 56)
Batting: RHB Jim Unknown 0-0: Fly out, F6 (Line Drive, 6M)
Batting: LHB Jim Unknown 0-0: Ball
1-0: Called Strike
1-1: Ball
2-1: Ball
3-1: Base on Balls
Batting: LHB Jim Unknown 0-0: Fielders Choice at 2nd, U4 (Groundball, 4M)
Bottom of the 1st over - 0 run(s), 0 hit(s), 0 error(s), 1 left on base; Jersey City 1 - Viola 0
TOP OF THE 2ND
Jersey City Sun Caps batting - Pitching for Viola Spearheads : RHP Jim Unknown
Batting: RHB Jim Unknown 0-0: Ball
1-0: Foul Ball, location: 2F
1-1: Ground out U3 (Groundball, 3S)
Batting: RHB Jim Unknown 0-0: Ball
1-0: DOUBLE (Flyball, 8RD)
Batting: RHB Jim Unknown 0-0: Ball
Jim Unknown is caught stealing 3rd base
1-0: Ball
2-0: Ball
3-0: Called Strike
3-1: Base on Balls
Batting: LHB Jim Unknown 0-0: Called Strike
0-1: Ball
1-1: Foul Ball, location: 2F
1-2: Strikes out looking
Top of the 2nd over - 0 run(s), 1 hit(s), 0 error(s), 1 left on base; Jersey City 1 - Viola 0
BOTTOM OF THE 2ND
Viola Spearheads batting - Pitching for Jersey City Sun Caps : RHP Jim Unknown
Batting: LHB Jim Unknown 0-0: Ball
1-0: Called Strike
1-1: Ground out 6-3 (Groundball, 6M)
Batting: RHB Jim Unknown 0-0: Swinging Strike
0-1: Ball
1-1: Ground out 1-5-3 (Groundball, 15S)
Batting: LHB Jim Unknown 0-0: Ground out 1-3 (Groundball, 13)
Bottom of the 2nd over - 0 run(s), 0 hit(s), 0 error(s), 0 left on base; Jersey City 1 - Viola 0
TOP OF THE 3RD
Jersey City Sun Caps batting - Pitching for Viola Spearheads : RHP Jim Unknown
Batting: RHB Jim Unknown 0-0: Ball
1-0: Foul Ball, location: 2F
1-1: Ground out 5-3 (Groundball, 5L)
Batting: RHB Jim Unknown 0-0: Ball
1-0: Foul Ball, location: 2F
1-1: SINGLE (Flyball, 78S)
Batting: LHB Jim Unknown 0-0: Swinging Strike
0-1: Called Strike
0-2: Ball
1-2: Ground out 4-3 (Groundball, 4M)
Jim Unknown to second
Batting: RHB Mal Phillips 0-0: Called Strike
0-1: Ball
1-1: Swinging Strike
1-2: Ball
2-2: Ball
3-2: Foul Ball, location: 2F
3-2: Strikes out looking
Top of the 3rd over - 0 run(s), 1 hit(s), 0 error(s), 1 left on base; Jersey City 1 - Viola 0
BOTTOM OF THE 3RD
Viola Spearheads batting - Pitching for Jersey City Sun Caps : RHP Jim Unknown
Batting: RHB Jim Unknown 0-0: Ball
1-0: Ball
2-0: Ball
3-0: Called Strike
3-1: SOLO HOME RUN (Flyball, 78XD), Distance : 439 ft
Batting: RHB Jim Unknown 0-0: Ground out 6-3 (Groundball, 6)
Batting: RHB Jim Unknown 0-0: Ball
1-0: Called Strike
1-1: Ground out 5-3 (Groundball, 5L)
Batting: RHB Jim Unknown 0-0: Ball
1-0: Called Strike
1-1: Ball
2-1: Swinging Strike
2-2: Strikes out swinging
Bottom of the 3rd over - 1 run(s), 1 hit(s), 0 error(s), 0 left on base; Jersey City 1 - Viola 1
TOP OF THE 4TH
Jersey City Sun Caps batting - Pitching for Viola Spearheads : RHP Jim Unknown
Batting: LHB John Robertson 0-0: Foul Ball, location: 2F
0-1: Ball
1-1: Foul Ball, location: 2F
1-2: Ground out 3-1 (Groundball, 34S)
Batting: RHB Jim Unknown 0-0: Called Strike
0-1: Ball
1-1: Foul Ball, location: 2F
1-2: DOUBLE (Line Drive, 7LS)
Batting: RHB Jim Unknown 0-0: Ball
Jim Unknown steals 3rd base
1-0: SINGLE (Flyball, 7LM)
Jim Unknown scores
Batting: RHB Jim Unknown 0-0: Called Strike
0-1: Swinging Strike
0-2: Strikes out swinging
Batting: LHB Jim Unknown 0-0: Ball
1-0: Reached on error, E1 (Groundball, 13)
Jim Unknown to third
Batting: RHB Jim Unknown 0-0: Called Strike
0-1: Ball
1-1: Called Strike
1-2: Ball
2-2: Ball
3-2: Ground out 4-3 (Groundball, 4)
Top of the 4th over - 1 run(s), 2 hit(s), 1 error(s), 2 left on base; Jersey City 2 - Viola 1
BOTTOM OF THE 4TH
Viola Spearheads batting - Pitching for Jersey City Sun Caps : RHP Jim Unknown
Batting: LHB Jim Unknown 0-0: Foul Ball, location: 2F
0-1: Ball
1-1: Ball
2-1: Swinging Strike
2-2: Strikes out swinging
Batting: LHB Jim Unknown 0-0: Called Strike
0-1: Fly out, F9 (Flyball, 9LM)
Batting: LHB Jim Unknown 0-0: SINGLE (Flyball, 9S)
Batting: RHB Jim Unknown 0-0: Ball
1-0: Ball
2-0: Called Strike
2-1: Ground out 6-3 (Groundball, 56)
Bottom of the 4th over - 0 run(s), 1 hit(s), 0 error(s), 1 left on base; Jersey City 2 - Viola 1
TOP OF THE 5TH
Jersey City Sun Caps batting - Pitching for Viola Spearheads : RHP Jim Unknown
Batting: RHB Jim Unknown 0-0: Foul Ball, location: 2F
0-1: Hit by Pitch
Batting: LHB Jim Unknown 0-0: Swinging Strike
0-1: Ball
1-1: Ball
2-1: Swinging Strike
2-2: SINGLE (Groundball, 34D)
Jim Unknown to second
Runner from 2nd tries for 3rd, OUT!
Jim Unknown to second
Batting: RHB Mal Phillips 0-0: Hit by Pitch
Batting: LHB John Robertson 0-0: Ball
1-0: Foul Ball, location: 2F
1-1: Ball
2-1: Ball
3-1: Reached on error, E6 (Groundball, 6M)
Jim Unknown to third
Mal Phillips to second
Batting: RHB Jim Unknown 0-0: Ball
1-0: Foul Ball, location: 2F
1-1: Called Strike
1-2: Foul Ball, location: 2F
1-2: Ball
2-2: Ball
3-2: Foul Ball, location: 2F
3-2: Strikes out swinging
Batting: RHB Jim Unknown 0-0: Ball
1-0: Ball
2-0: Ball
3-0: Called Strike
3-1: SINGLE (Line Drive, 7LM)
Jim Unknown scores
Mal Phillips to third
John Robertson to second
Runner from 3rd tries for Home, SAFE, no throw or cutoff
Batting: RHB Jim Unknown 0-0: Called Strike
0-1: Fielders Choice at 2nd, 6-4 (Groundball, 6)
Top of the 5th over - 2 run(s), 2 hit(s), 1 error(s), 1 left on base; Jersey City 4 - Viola 1
BOTTOM OF THE 5TH
Viola Spearheads batting - Pitching for Jersey City Sun Caps : RHP Jim Unknown
Batting: LHB Jim Unknown 0-0: Ball
1-0: Foul Ball, location: 2F
1-1: Ball
2-1: Ball
3-1: Base on Balls
Batting: RHB Jim Unknown 0-0: Bunted foul
0-1: Sac Bunt - play at first, batter OUT! 5-4
Jim Unknown to second
Batting: RHB Jim Unknown 0-0: Foul Ball, location: 2F
0-1: Called Strike
0-2: Ball
1-2: Ball
2-2: Ball
3-2: SINGLE (Popup, 56D)
Jim Unknown to third
Batting: RHB Jim Unknown 0-0: Ball
1-0: Ground out 4-3 (Groundball, 13)
Jim Unknown scores
Jim Unknown to second
Batting: RHB Jim Unknown 0-0: DOUBLE (Line Drive, 5D)
Jim Unknown scores
Batting: LHB Jim Unknown 0-0: Foul Ball, location: 2F
0-1: Called Strike
0-2: Foul Ball, location: 2F
0-2: Ball
1-2: Strikes out swinging
Bottom of the 5th over - 2 run(s), 2 hit(s), 0 error(s), 1 left on base; Jersey City 4 - Viola 3
TOP OF THE 6TH
Jersey City Sun Caps batting - Pitching for Viola Spearheads : RHP Jim Unknown
Batting: LHB Jim Unknown 0-0: Called Strike
0-1: Ball
1-1: SOLO HOME RUN (Flyball, 9LD), Distance : 342 ft
Batting: RHB Jim Unknown 0-0: Called Strike
0-1: Ball
1-1: Called Strike
1-2: Ball
2-2: Foul Ball, location: 2F
2-2: Foul Ball, location: 2F
2-2: Ground out 4-3 (Groundball, 4)
Batting: RHB Jim Unknown 0-0: Called Strike
0-1: Foul Ball, location: 2F
0-2: Strikes out swinging
Batting: LHB Jim Unknown 0-0: Ball
1-0: Bunt for hit - play at first, batter OUT! 1-3
Top of the 6th over - 1 run(s), 1 hit(s), 0 error(s), 1 left on base; Jersey City 5 - Viola 3
BOTTOM OF THE 6TH
Viola Spearheads batting - Pitching for Jersey City Sun Caps : RHP Jim Unknown
Batting: LHB Jim Unknown 0-0: Called Strike
0-1: Ball
1-1: Swinging Strike
1-2: Foul Ball, location: 2F
1-2: Fly out, F8 (Flyball, 8LM)
Batting: LHB Jim Unknown 0-0: SINGLE (Groundball, 4MD)
Batting: RHB Jim Unknown 0-0: Fielders Choice at 2nd, 1-6 (Groundball, 13)
Batting: LHB Jim Unknown 0-0: Ball
1-0: Called Strike
1-1: Foul Ball, location: 2F
1-2: Fielders Choice at 2nd, 6-4 (Groundball, 6)
Bottom of the 6th over - 0 run(s), 1 hit(s), 0 error(s), 0 left on base; Jersey City 5 - Viola 3
TOP OF THE 7TH
Jersey City Sun Caps batting - Pitching for Viola Spearheads : RHP Jim Unknown
Batting: RHB Mal Phillips 0-0: Ball
1-0: Foul Ball, location: 2F
1-1: Ball
2-1: Foul Ball, location: 2F
2-2: Foul Ball, location: 2F
2-2: Foul Ball, location: 2F
2-2: Ball
3-2: Base on Balls
Pitching: RHP Jim Unknown
Batting: LHB John Robertson 0-0: Ball
1-0: Called Strike
1-1: Ball
2-1: Ball
3-1: Foul Ball, location: 2F
3-2: Strikes out looking
Batting: RHB Jim Unknown 0-0: Foul Ball, location: 2F
0-1: Fly out, F8 (Flyball, 8LM)
Batting: RHB Jim Unknown 0-0: Called Strike
0-1: Ball
1-1: Foul Ball, location: 2F
1-2: Ball
2-2: Foul Ball, location: 2F
2-2: Strikes out swinging
Top of the 7th over - 0 run(s), 0 hit(s), 0 error(s), 1 left on base; Jersey City 5 - Viola 3
BOTTOM OF THE 7TH
Viola Spearheads batting - Pitching for Jersey City Sun Caps : RHP Jim Unknown
Batting: RHB Jim Unknown 0-0: Swinging Strike
0-1: Foul Ball, location: 2F
0-2: Ball
1-2: Ground out 4-3 (Groundball, 34)
Batting: RHB Jim Unknown 0-0: Ball
1-0: DOUBLE (Flyball, 8RXD)
Batting: RHB Jim Unknown 0-0: Foul Ball, location: 2F
0-1: Ball
1-1: Ball
2-1: Ground out 6-3 (Groundball, 6)
Batting: RHB Jim Unknown 0-0: Called Strike
0-1: Foul Ball, location: 2F
0-2: Strikes out swinging
Bottom of the 7th over - 0 run(s), 1 hit(s), 0 error(s), 1 left on base; Jersey City 5 - Viola 3
TOP OF THE 8TH
Jersey City Sun Caps batting - Pitching for Viola Spearheads : RHP Jim Unknown
Batting: RHB Jim Unknown 0-0: Ball
1-0: Ball
2-0: Ball
3-0: Called Strike
3-1: SOLO HOME RUN (Flyball, 78XD), Distance : 440 ft
Batting: LHB Jim Unknown 0-0: Foul Ball, location: 2F
0-1: Ball
1-1: Called Strike
1-2: Foul Ball, location: 2F
1-2: Strikes out looking
Batting: RHB Jim Unknown 0-0: Foul Ball, location: 2F
0-1: Ball
1-1: Ball
2-1: Foul Ball, location: 2F
2-2: Strikes out looking
Batting: RHB Jim Unknown 0-0: Ball
1-0: Called Strike
1-1: Foul Ball, location: 2F
1-2: Fly out, F7 (Flyball, 78M)
Top of the 8th over - 1 run(s), 1 hit(s), 0 error(s), 0 left on base; Jersey City 6 - Viola 3
BOTTOM OF THE 8TH
Viola Spearheads batting - Pitching for Jersey City Sun Caps : RHP Jim Unknown
Batting: LHB Jim Unknown 0-0: Ball
1-0: Called Strike
1-1: Called Strike
1-2: Strikes out swinging
Batting: LHB Jim Unknown 0-0: Ball
1-0: Ground out 4-3 (Groundball, 4)
Batting: LHB Jim Unknown 0-0: Ball
1-0: Swinging Strike
1-1: Ball
2-1: Foul Ball, location: 2F
2-2: Ball
3-2: SINGLE (Flyball, 9LS)
Batting: RHB Jim Unknown 0-0: Called Strike
0-1: Ball
1-1: Foul Ball, location: 2F
1-2: Ball
2-2: Strikes out looking
Bottom of the 8th over - 0 run(s), 1 hit(s), 0 error(s), 1 left on base; Jersey City 6 - Viola 3
TOP OF THE 9TH
Jersey City Sun Caps batting - Pitching for Viola Spearheads : RHP Jim Unknown
Pitching: LHP Jim Unknown
Batting: LHB Jim Unknown 0-0: Foul Ball, location: 2F
0-1: Ball
1-1: Swinging Strike
1-2: Ball
2-2: Foul Ball, location: 2F
2-2: Foul Ball, location: 2F
2-2: Ball
3-2: Strikes out looking
Batting: RHB Mal Phillips 0-0: Called Strike
0-1: Foul Ball, location: 2F
0-2: Foul Ball, location: 2F
0-2: Ball
1-2: Ball
2-2: Strikes out swinging
Batting: LHB John Robertson 0-0: Ball
1-0: Called Strike
1-1: Foul Ball, location: 2F
1-2: Strikes out swinging
Top of the 9th over - 0 run(s), 0 hit(s), 0 error(s), 0 left on base; Jersey City 6 - Viola 3
BOTTOM OF THE 9TH
Viola Spearheads batting - Pitching for Jersey City Sun Caps : RHP Jim Unknown
Pitching: RHP Jim Unknown
Batting: LHB Jim Unknown 0-0: Called Strike
0-1: Called Strike
0-2: Foul Ball, location: 2F
0-2: Ball
1-2: Strikes out looking
Batting: RHB Jim Unknown 0-0: Foul Ball, location: 2F
0-1: Ground out 4-3 (Groundball, 4)
Batting: RHB Jim Unknown 0-0: Ball
1-0: Foul Ball, location: 2F
1-1: Hit by Pitch
Batting: RHB Jim Unknown 0-0: Ball
1-0: Swinging Strike
1-1: Ball
2-1: Ball
3-1: Base on Balls
Jim Unknown to second
Batting: RHB Jim Unknown 0-0: Ball
1-0: Swinging Strike
1-1: Ball
2-1: Foul Ball, location: 2F
2-2: Foul Ball, location: 2F
2-2: Ground out 5-3 (Groundball, 5L)
Bottom of the 9th over - 0 run(s), 0 hit(s), 0 error(s), 2 left on base; Jersey City 6 - Viola 3
This league is powered by Out of the Park Baseball, the baseball management simulation game for PC, Mac and Linux
Monday, May 4th, 2015 - OOTP Baseball 15.6 Build 34